AAA WEST
SACRAMENTO RIVER CATS @ EL PASO CHIHUAHUAS
08/24/2041
 
TOP OF THE 1ST
Sacramento River Cats batting - Pitching for El Paso Chihuahuas : RHP Joe Scott
Pitching: RHP Joe Scott
Batting: RHB António Ramos 0-0: Ground out 6-3 (Groundball, 6S, EV 85.0 MPH)
Batting: RHB Ricky Myers 0-0: Called Strike
0-1: Called Strike
0-2: Foul Ball, location: 9LMF
0-2: Foul Ball, location: 7LMF
0-2: Ball
1-2: Foul Ball, location: 9LMF
1-2: Strikes out swinging
Batting: RHB Danny Adkins 0-0: Called Strike
0-1: Foul Ball, location: 5F
0-2: Foul Ball, location: 9LSFF
0-2: Foul Ball, location: 7LMF
0-2: Ball
1-2: Ground out 4-3 (Groundball, 4M, EV 96.9 MPH)
Top of the 1st over - 0 runs, 0 hits, 0 errors, 0 left on base; Sacramento 0 - El Paso 0
BOTTOM OF THE 1ST
El Paso Chihuahuas batting - Pitching for Sacramento River Cats : RHP Eddie Anderson
Pitching: RHP Eddie Anderson
Batting: RHB Jung-jun Moon 0-0: Ball
1-0: Ball
2-0: Ball
3-0: Base on Balls
Batting: LHB Ángelo Martínez 0-0: Ball
1-0: Foul Ball, location: 25F
1-1: Foul Ball, location: 7LDF
1-2: Ball
2-2: Ball
3-2: Foul Ball, location: 5SF
3-2: Foul Ball, location: 5FF
3-2: Strikes out swinging
Batting: SHB Bernardo Reyes 0-0: Ball
1-0: Ball
2-0: Ball
Jung-jun Moon steals 2nd base
3-0: Called Strike
3-1: Swinging Strike
3-2: Foul Ball, location: 2F
3-2: Strikes out swinging
Batting: LHB Greg Younger 0-0: Foul Ball, location: 2F
0-1: Swinging Strike
0-2: Strikes out swinging
Bottom of the 1st over - 0 runs, 0 hits, 0 errors, 1 left on base; Sacramento 0 - El Paso 0
TOP OF THE 2ND
Sacramento River Cats batting - Pitching for El Paso Chihuahuas : RHP Joe Scott
Batting: RHB Ernesto Díaz 0-0: SINGLE (Groundball, 4MD, EV 109.4 MPH)
Batting: LHB Steve Browning 0-0: Ball
1-0: Foul Ball, location: 2F
1-1: Ball
2-1: Swinging Strike
2-2: Ball
3-2: Strikes out swinging
Batting: RHB José Reyes 0-0: Foul Ball, location: 3F
0-1: Grounds into double play, 4-6-3 (Groundball, 4, EV 104.4 MPH)
Top of the 2nd over - 0 runs, 1 hit, 0 errors, 0 left on base; Sacramento 0 - El Paso 0
BOTTOM OF THE 2ND
El Paso Chihuahuas batting - Pitching for Sacramento River Cats : RHP Eddie Anderson
Batting: LHB Ignacio Villa 0-0: Called Strike
0-1: Ball
1-1: Ball
2-1: Fly out, F8 (Flyball, 8LD, EV 89.4 MPH)
Batting: RHB Steve Jones 0-0: Ball
1-0: Called Strike
1-1: Ball
2-1: Foul Ball, location: 25F
2-2: Foul Ball, location: 7LMFF
2-2: SINGLE (Line Drive, 8LS, EV 104.4 MPH)
Batting: LHB Johann Sorely 0-0: Ball
1-0: Ball
2-0: Called Strike
2-1: Fly out, F8 (Flyball, 8LXD, EV 101.3 MPH)
Batting: RHB Esdras Ghasabov 0-0: Ground out 4-3 (Groundball, 4, EV 101.9 MPH)
Bottom of the 2nd over - 0 runs, 1 hit, 0 errors, 1 left on base; Sacramento 0 - El Paso 0
TOP OF THE 3RD
Sacramento River Cats batting - Pitching for El Paso Chihuahuas : RHP Joe Scott
Batting: RHB Alfredo García 0-0: Foul Ball, location: 9LSF
0-1: SINGLE (Groundball, 6MD, EV 95.0 MPH)
Batting: RHB Jim Ketteridge 0-0: Called Strike
0-1: Ball
1-1: Ball
2-1: Called Strike
2-2: Ball
3-2: Base on Balls
Alfredo García to second
Batting: RHB Jim Unknown 0-0: Ball
1-0: Sac Bunt to 15S - play at first, batter OUT! 1-4
Alfredo García to third
Jim Ketteridge to second
Batting: RHB António Ramos 0-0: Called Strike
0-1: Ball
1-1: Ball
2-1: Ball
3-1: Called Strike
3-2: Foul Ball, location: 23FF
3-2: DOUBLE (Line Drive, 3D, EV 97.5 MPH)
Alfredo García scores
Jim Ketteridge scores
Batting: RHB Ricky Myers 0-0: Ball
1-0: SINGLE (Line Drive, 4D, EV 108.1 MPH)
António Ramos to third
Runner from 3rd tries for Home, throw by RF and OUT! 9-2
Batting: RHB Danny Adkins 0-0: Ball
Ricky Myers is caught stealing 2nd base 2-4
Top of the 3rd over - 2 runs, 3 hits, 0 errors, 0 left on base; Sacramento 2 - El Paso 0
BOTTOM OF THE 3RD
El Paso Chihuahuas batting - Pitching for Sacramento River Cats : RHP Eddie Anderson
Batting: RHB José Arellanos 0-0: Swinging Strike
0-1: Foul Ball, location: 23F
0-2: Ball
1-2: Foul Ball, location: 3F
1-2: Hit by Pitch
Batting: RHB Jung-jun Moon 0-0: Grounds into double play, 4-6-3 (Groundball, 4S, EV 86.3 MPH)
Batting: LHB Ángelo Martínez 0-0: Ball
1-0: Called Strike
1-1: Fly out, F6 (Popup, 6S, EV 80.6 MPH)
Bottom of the 3rd over - 0 runs, 0 hits, 0 errors, 0 left on base; Sacramento 2 - El Paso 0
TOP OF THE 4TH
Sacramento River Cats batting - Pitching for El Paso Chihuahuas : RHP Joe Scott
Batting: RHB Danny Adkins 0-0: Called Strike
0-1: Ball
1-1: Ground out 4-3 (Groundball, 4, EV 100.6 MPH)
Batting: RHB Ernesto Díaz 0-0: Ground out 5-3 (Groundball, 56S, EV 77.5 MPH)
Batting: LHB Steve Browning 0-0: Called Strike
0-1: Ground out 4-3 (Groundball, 4S, EV 81.3 MPH)
Top of the 4th over - 0 runs, 0 hits, 0 errors, 0 left on base; Sacramento 2 - El Paso 0
BOTTOM OF THE 4TH
El Paso Chihuahuas batting - Pitching for Sacramento River Cats : RHP Eddie Anderson
Batting: SHB Bernardo Reyes 0-0: Swinging Strike
0-1: Fly out, F7 (Flyball, 78S, EV 100.0 MPH)
Batting: LHB Greg Younger 0-0: Ball
1-0: Called Strike
1-1: Ball
2-1: Ball
3-1: SINGLE (Line Drive, 8RS, EV 101.3 MPH)
Batting: LHB Ignacio Villa 0-0: Ball
1-0: Ball
2-0: Ball
Greg Younger steals 2nd base
3-0: Called Strike
3-1: Fly out, F2 (Popup, 25F, EV 93.8 MPH)
Batting: RHB Steve Jones 0-0: Ground out 5-3 (Groundball, 5, EV 88.8 MPH)
Bottom of the 4th over - 0 runs, 1 hit, 0 errors, 1 left on base; Sacramento 2 - El Paso 0
TOP OF THE 5TH
Sacramento River Cats batting - Pitching for El Paso Chihuahuas : RHP Joe Scott
Batting: RHB José Reyes 0-0: Ball
1-0: SINGLE (Line Drive, 7LS, EV 106.9 MPH)
Batting: RHB Alfredo García 0-0: Sac Bunt to 5S - play at first, batter OUT! 5-3
José Reyes to second
Batting: RHB Jim Ketteridge 0-0: Ball
1-0: Called Strike
1-1: Foul Ball, location: 5F
1-2: Ball
2-2: Foul Ball, location: 3F
2-2: Strikes out looking
Batting: RHB Jim Unknown 0-0: Called Strike
0-1: Fly out, F8 (Flyball, 8RD, EV 96.9 MPH)
Top of the 5th over - 0 runs, 1 hit, 0 errors, 1 left on base; Sacramento 2 - El Paso 0
BOTTOM OF THE 5TH
El Paso Chihuahuas batting - Pitching for Sacramento River Cats : RHP Eddie Anderson
Batting: LHB Johann Sorely 0-0: Ball
1-0: Ball
2-0: Called Strike
2-1: Swinging Strike
2-2: Strikes out swinging
Batting: RHB Esdras Ghasabov 0-0: Ball
1-0: Foul Ball, location: 5SF
1-1: SINGLE (Line Drive, 89M, EV 100.6 MPH)
Batting: RHB José Arellanos 0-0: Ball
Esdras Ghasabov is caught stealing 2nd base 2-4
1-0: Ball
2-0: Called Strike
2-1: Foul Ball, location: 7LDF
2-2: Fly out, F8 (Flyball, 8LD, EV 81.9 MPH)
Bottom of the 5th over - 0 runs, 1 hit, 0 errors, 0 left on base; Sacramento 2 - El Paso 0
TOP OF THE 6TH
Sacramento River Cats batting - Pitching for El Paso Chihuahuas : RHP Joe Scott
Batting: RHB António Ramos 0-0: Swinging Strike
0-1: Foul Ball, location: 2F
0-2: Strikes out swinging
Batting: RHB Ricky Myers 0-0: Called Strike
0-1: Ball
1-1: Foul Ball, location: 2F
1-2: Ball
2-2: Foul Ball, location: 2LF
2-2: Strikes out looking and he ARGUES THE CALL AND IS TOSSED!
Batting: RHB Danny Adkins 0-0: Called Strike
0-1: Ball
1-1: Ball
2-1: Foul Ball, location: 5F
2-2: Foul Ball, location: 2F
2-2: DOUBLE (Line Drive, 78XD, EV 99.4 MPH)
Batting: RHB Ernesto Díaz 0-0: Called Strike
0-1: Foul Ball, location: 9LMF
0-2: Foul Ball, location: 2F
0-2: SINGLE (Groundball, 34D, EV 106.9 MPH)
Danny Adkins to third
Runner from 3rd tries for Home, throw by RF and OUT! 9-2
Top of the 6th over - 0 runs, 2 hits, 0 errors, 1 left on base; Sacramento 2 - El Paso 0
BOTTOM OF THE 6TH
El Paso Chihuahuas batting - Pitching for Sacramento River Cats : RHP Eddie Anderson
Now at 2B: Juan Ayala
Batting: RHB Jung-jun Moon 0-0: Called Strike
0-1: Called Strike
0-2: Fly out, F8 (Flyball, 8LD, EV 80.6 MPH)
Pitching: RHP António Rodríguez
Batting: LHB Ángelo Martínez 0-0: Called Strike
0-1: Fly out, F8 (Flyball, 78M, EV 95.0 MPH)
Batting: SHB Bernardo Reyes 0-0: Called Strike
0-1: Foul Ball, location: 2F
0-2: Foul Ball, location: 7LSF
0-2: Foul Ball, location: 2F
0-2: Fly out, F8 (Line Drive, 8LD, EV 106.3 MPH)
Bottom of the 6th over - 0 runs, 0 hits, 0 errors, 0 left on base; Sacramento 2 - El Paso 0
TOP OF THE 7TH
Sacramento River Cats batting - Pitching for El Paso Chihuahuas : RHP Joe Scott
Batting: LHB Steve Browning 0-0: Called Strike
0-1: Called Strike
0-2: Ball
1-2: Ground out 4-3 (Groundball, 34, EV 104.4 MPH)
Batting: RHB José Reyes 0-0: Called Strike
0-1: Ball
1-1: Ground out 6-3 (Groundball, 6S, EV 80.6 MPH)
Batting: RHB Alfredo García 0-0: Foul Ball, location: 2F
0-1: Swinging Strike
0-2: Ball
1-2: Strikes out looking
Top of the 7th over - 0 runs, 0 hits, 0 errors, 0 left on base; Sacramento 2 - El Paso 0
BOTTOM OF THE 7TH
El Paso Chihuahuas batting - Pitching for Sacramento River Cats : RHP António Rodríguez
Batting: LHB Greg Younger 0-0: Foul Ball, location: 3F
0-1: Swinging Strike
0-2: Strikes out looking
Batting: LHB Ignacio Villa 0-0: Hit by Pitch
Pinch Hitting: LHB Shawn Jones 0-0: Called Strike
0-1: Swinging Strike
0-2: Ball
1-2: Foul Ball, location: 7LMF
1-2: Strikes out looking
Batting: LHB Johann Sorely 0-0: Ball
1-0: Ball
2-0: Called Strike
2-1: Swinging Strike
2-2: Ground out 4-3 (Groundball, 4, EV 88.1 MPH)
Bottom of the 7th over - 0 runs, 0 hits, 0 errors, 1 left on base; Sacramento 2 - El Paso 0
TOP OF THE 8TH
Sacramento River Cats batting - Pitching for El Paso Chihuahuas : RHP Joe Scott
Now at 2B: José Beltrán
Now at 3B: Greg Younger
Batting: RHB Jim Ketteridge 0-0: Foul Ball, location: 3F
0-1: Ball
1-1: Ball
2-1: Ball
3-1: Base on Balls
Batting: RHB Pancho Gallegos 0-0: Ball
1-0: Foul Ball, location: 9LSF
1-1: Bunt - Flyout to 3S - DP at third! 3-4
Batting: RHB António Ramos 0-0: Ball
1-0: Fly out, F5 (Line Drive, 6, EV 66.9 MPH)
Top of the 8th over - 0 runs, 0 hits, 0 errors, 0 left on base; Sacramento 2 - El Paso 0
BOTTOM OF THE 8TH
El Paso Chihuahuas batting - Pitching for Sacramento River Cats : RHP António Rodríguez
Batting: RHB Esdras Ghasabov 0-0: Ball
1-0: Ball
2-0: Ground out 5-3 (Groundball, 56, EV 78.1 MPH)
Batting: RHB José Arellanos 0-0: Ball
1-0: Ball
2-0: Foul Ball, location: 2F
2-1: Swinging Strike
2-2: Strikes out swinging
Pitching: RHP Tomás Echeverría
Batting: RHB Jung-jun Moon 0-0: Ball
1-0: Foul Ball, location: 9LMF
1-1: Ball
2-1: Called Strike
2-2: Ball
3-2: Strikes out looking
Bottom of the 8th over - 0 runs, 0 hits, 0 errors, 0 left on base; Sacramento 2 - El Paso 0
TOP OF THE 9TH
Sacramento River Cats batting - Pitching for El Paso Chihuahuas : RHP Joe Scott
Pitching: LHP Jimmy Jefferson
Batting: LHB Juan Ayala 0-0: Ball
1-0: Ball
2-0: Fly out, F6 (Popup, P, EV 80.6 MPH)
Batting: RHB Danny Adkins 0-0: Called Strike
0-1: Ball
1-1: SINGLE (Groundball, 6M, EV 106.9 MPH)
Batting: RHB Ernesto Díaz 0-0: Ball
1-0: Ball
2-0: SINGLE (Line Drive, 7S, EV 103.1 MPH)
Danny Adkins to second
Batting: LHB Steve Browning 0-0: Ball
1-0: SINGLE (Line Drive, 89S, EV 101.3 MPH)
Danny Adkins to third
Ernesto Díaz to second
Runner from 3rd tries for Home, SAFE, throw by RF to home
Batting: RHB José Reyes 0-0: Ball
1-0: Ball
2-0: Called Strike
2-1: Fly out, F5 (Line Drive, 5, EV 65.0 MPH)
Batting: RHB Alfredo García 0-0: Ball
1-0: Ball
2-0: Ball
3-0: Called Strike
3-1: Called Strike
3-2: Base on Balls
Ernesto Díaz to third
Steve Browning to second
Batting: RHB Jim Ketteridge 0-0: Ball
1-0: Foul Ball, location: 9LMF
1-1: Called Strike
1-2: Strikes out looking
Top of the 9th over - 1 run, 3 hits, 0 errors, 3 left on base; Sacramento 3 - El Paso 0
BOTTOM OF THE 9TH
El Paso Chihuahuas batting - Pitching for Sacramento River Cats : RHP Tomás Echeverría
Batting: LHB Ángelo Martínez 0-0: Called Strike
0-1: Ball
1-1: Ball
2-1: Ball
3-1: Ground out 6-3 (Groundball, 6S, EV 93.8 MPH)
Batting: SHB Bernardo Reyes 0-0: Called Strike
0-1: Foul Ball, location: 2F
0-2: Ball
1-2: Strikes out swinging
Batting: LHB Greg Younger 0-0: SINGLE (Flyball, 8RS, EV 98.8 MPH)
Batting: LHB Ignacio Villa 0-0: Ground out 4-3 (Groundball, 4, EV 86.9 MPH)
Bottom of the 9th over - 0 runs, 1 hit, 0 errors, 1 left on base; Sacramento 3 - El Paso 0
Monday, April 1st , 2024 - OOTP Baseball 24.10 Build 82